TOP OF THE 1ST |
Boston Rebels batting - Pitching for Los Angeles Bruins : LHP Ramiro Jiménez
|
Pitching: LHP Ramiro Jiménez
|
|
Batting: LHB Bill Wilson
|
0-0: Foul Ball, location: 2F 0-1: Swinging Strike 0-2: Strikes out looking
|
Batting: SHB Álex Rosado
|
0-0: Ball 1-0: Ball 2-0: Foul Ball, location: 2F 2-1: Swinging Strike 2-2: Foul Ball, location: 2F 2-2: Foul Ball, location: 2F 2-2: Foul Ball, location: 2F 2-2: Foul Ball, location: 2F 2-2: Ball 3-2: Foul Ball, location: 2F 3-2: Strikes out looking
|
Batting: LHB Bill Wilson
|
0-0: Foul Ball, location: 2F 0-1: Ball 1-1: Called Strike 1-2: Ball 2-2: Strikes out swinging
|
Top of the 1st over - 0 run(s), 0 hit(s), 0 error(s), 0 left on base; Boston 0 - Los Angeles 0 |
BOTTOM OF THE 1ST |
Los Angeles Bruins batting - Pitching for Boston Rebels : RHP Martín Ramírez
|
Pitching: RHP Martín Ramírez
|
|
Batting: SHB Ramón Lugo
|
0-0: Called Strike 0-1: Swinging Strike 0-2: Foul Ball, location: 2F 0-2: Foul Ball, location: 2F 0-2: Foul Ball, location: 2F 0-2: Ball 1-2: Ball 2-2: Fly out, F8 (Flyball, 8RM)
|
Batting: RHB Tom Doherty
|
0-0: Called Strike 0-1: Foul Ball, location: 2F 0-2: Ball 1-2: Foul Ball, location: 2F 1-2: Ball 2-2: Strikes out swinging
|
Batting: RHB Rubén Calderón
|
0-0: Ball 1-0: Ground out 5-3 (Groundball, 56)
|
Bottom of the 1st over - 0 run(s), 0 hit(s), 0 error(s), 0 left on base; Boston 0 - Los Angeles 0 |
TOP OF THE 2ND |
Boston Rebels batting - Pitching for Los Angeles Bruins : LHP Ramiro Jiménez
|
Batting: LHB Lorenzo Flores
|
0-0: Called Strike 0-1: Swinging Strike 0-2: Ground out 3-1 (Groundball, 34)
|
Batting: RHB Ronnie Brown
|
0-0: Called Strike 0-1: SINGLE (Line Drive, 8LS)
|
Batting: RHB Wilson Gómez
|
0-0: Ball 1-0: Called Strike 1-1: Ball 2-1: Ball 3-1: Fly out, F9 (Flyball, 89M)
|
Batting: LHB Félix Gómez
|
0-0: Called Strike 0-1: Ball 1-1: Ball 2-1: Swinging Strike 2-2: Ball 3-2: Strikes out swinging passed ball, reaches first! Ronnie Brown to second
|
Batting: RHB Rob Whitley
|
0-0: Ball 1-0: Called Strike 1-1: Ball Passed Ball! Ronnie Brown to third Félix Gómez to second 2-1: Ground out 4-3 (Groundball, 4)
|
Top of the 2nd over - 0 run(s), 1 hit(s), 0 error(s), 2 left on base; Boston 0 - Los Angeles 0 |
BOTTOM OF THE 2ND |
Los Angeles Bruins batting - Pitching for Boston Rebels : RHP Martín Ramírez
|
Batting: LHB Luis Sánchez
|
0-0: Ball 1-0: Swinging Strike 1-1: Ball 2-1: Ground out 4-3 (Groundball, 4)
|
Batting: RHB Morgan Gibbon
|
0-0: Called Strike 0-1: Ball 1-1: Fly out, F8 (Flyball, 8LD)
|
Batting: SHB Zach Franks
|
0-0: Fly out, F7 (Flyball, 7LM)
|
Bottom of the 2nd over - 0 run(s), 0 hit(s), 0 error(s), 0 left on base; Boston 0 - Los Angeles 0 |
TOP OF THE 3RD |
Boston Rebels batting - Pitching for Los Angeles Bruins : LHP Ramiro Jiménez
|
Batting: LHB Tony Ramírez
|
0-0: Ground out 5-3 (Groundball, 5L)
|
Batting: LHB Bill Wilson
|
0-0: Called Strike 0-1: Foul Ball, location: 2F 0-2: Foul Ball, location: 2F 0-2: Ball 1-2: Strikes out swinging
|
Batting: SHB Álex Rosado
|
0-0: Ball 1-0: Foul Ball, location: 2F 1-1: Swinging Strike 1-2: SINGLE (Line Drive, 78S)
|
Batting: LHB Bill Wilson
|
0-0: Ball 1-0: Ball 2-0: Fly out, F7 (Flyball, 78M)
|
Top of the 3rd over - 0 run(s), 1 hit(s), 0 error(s), 1 left on base; Boston 0 - Los Angeles 0 |
BOTTOM OF THE 3RD |
Los Angeles Bruins batting - Pitching for Boston Rebels : RHP Martín Ramírez
|
Batting: SHB Miguel González
|
0-0: Ball 1-0: Called Strike 1-1: Foul Ball, location: 2F 1-2: Ball 2-2: Foul Ball, location: 2F 2-2: Ground out 1-3 (Groundball, 15S)
|
Batting: RHB Brendan Vigors
|
0-0: Called Strike 0-1: Ball 1-1: Ball 2-1: SINGLE (Groundball, 56D)
|
Batting: LHB Tony Abete
|
0-0: Called Strike 0-1: Ball 1-1: Foul Ball, location: 2F 1-2: Ball 2-2: Ball 3-2: Ground out 4-3 (Groundball, 4M) Brendan Vigors to second
|
Batting: SHB Ramón Lugo
|
0-0: Ball 1-0: Called Strike 1-1: Foul Ball, location: 2F 1-2: Fly out, F6 (Popup, 6)
|
Bottom of the 3rd over - 0 run(s), 1 hit(s), 0 error(s), 1 left on base; Boston 0 - Los Angeles 0 |
TOP OF THE 4TH |
Boston Rebels batting - Pitching for Los Angeles Bruins : LHP Ramiro Jiménez
|
Batting: LHB Lorenzo Flores
|
0-0: Ball 1-0: Foul Ball, location: 2F 1-1: Foul Ball, location: 2F 1-2: Ball 2-2: SINGLE (Line Drive, 4M)
|
Batting: RHB Ronnie Brown
|
0-0: Ball 1-0: Called Strike 1-1: Called Strike 1-2: Foul Ball, location: 2F 1-2: Foul Ball, location: 2F 1-2: SINGLE (Groundball, 3D) Lorenzo Flores to second Runner from 2nd tries for 3rd, SAFE, throw made to third Ronnie Brown to second
|
Batting: RHB Wilson Gómez
|
0-0: Ball 1-0: Called Strike 1-1: Swinging Strike 1-2: Foul Ball, location: 2F 1-2: Foul Ball, location: 2F 1-2: Ball 2-2: Ground out 4-3 (Groundball, 4) Lorenzo Flores scores Ronnie Brown to third
|
Batting: LHB Félix Gómez
|
0-0: Ball 1-0: Called Strike 1-1: Ball 2-1: Fly out, F8 (Flyball, 8LD) Runner from 3rd tags up, SCORES, no throw
|
Batting: RHB Rob Whitley
|
0-0: Ball 1-0: Called Strike 1-1: Called Strike 1-2: Ground out 6-3 (Groundball, 6)
|
Top of the 4th over - 2 run(s), 2 hit(s), 0 error(s), 0 left on base; Boston 2 - Los Angeles 0 |
BOTTOM OF THE 4TH |
Los Angeles Bruins batting - Pitching for Boston Rebels : RHP Martín Ramírez
|
Batting: RHB Tom Doherty
|
0-0: Ball 1-0: Called Strike 1-1: Ball 2-1: Ball 3-1: Swinging Strike 3-2: Foul Ball, location: 2F 3-2: Foul Ball, location: 2F 3-2: Foul Ball, location: 2F 3-2: Foul Ball, location: 2F 3-2: SINGLE (Groundball, 5L)
|
Batting: RHB Rubén Calderón
|
0-0: Swinging Strike 0-1: Ball 1-1: Foul Ball, location: 2F 1-2: Ball 2-2: Fly out, F7 (Flyball, 78XD)
|
Batting: LHB Luis Sánchez
|
0-0: Swinging Strike 0-1: Ball 1-1: Ball 2-1: Ball 3-1: SINGLE (Groundball, 4MS) Tom Doherty to second
|
Batting: RHB Morgan Gibbon
|
0-0: Ball 1-0: Swinging Strike 1-1: Foul Ball, location: 2F 1-2: Ball 2-2: Foul Ball, location: 2F 2-2: Ground out 5-3 (Groundball, 5S) Tom Doherty to third Luis Sánchez to second
|
Batting: SHB Zach Franks
|
0-0: SINGLE (Flyball, 89S) Tom Doherty scores Luis Sánchez to third Runner from 3rd tries for Home, throw and OUT!
|
Bottom of the 4th over - 1 run(s), 3 hit(s), 0 error(s), 1 left on base; Boston 2 - Los Angeles 1 |
TOP OF THE 5TH |
Boston Rebels batting - Pitching for Los Angeles Bruins : LHP Ramiro Jiménez
|
Batting: LHB Tony Ramírez
|
0-0: Swinging Strike 0-1: Swinging Strike 0-2: Ball 1-2: Ball 2-2: Foul Ball, location: 2F 2-2: Strikes out swinging
|
Batting: LHB Bill Wilson
|
0-0: Foul Ball, location: 2F 0-1: Ball 1-1: Ball 2-1: Called Strike 2-2: Strikes out looking
|
Batting: SHB Álex Rosado
|
0-0: Called Strike 0-1: Foul Ball, location: 2F 0-2: Ball 1-2: Ball 2-2: Fly out, F4 (Line Drive, 4)
|
Top of the 5th over - 0 run(s), 0 hit(s), 0 error(s), 0 left on base; Boston 2 - Los Angeles 1 |
BOTTOM OF THE 5TH |
Los Angeles Bruins batting - Pitching for Boston Rebels : RHP Martín Ramírez
|
Batting: SHB Miguel González
|
0-0: Called Strike 0-1: Ball 1-1: Ball 2-1: Swinging Strike 2-2: Strikes out swinging
|
Batting: RHB Brendan Vigors
|
0-0: Ball 1-0: Called Strike 1-1: Ball 2-1: SINGLE (Flyball, 8LS)
|
Batting: LHB Tony Abete
|
0-0: Swinging Strike 0-1: Ball 1-1: Foul Ball, location: 2F 1-2: Foul Ball, location: 2F 1-2: Fly out, F7 (Flyball, 78S)
|
Batting: SHB Ramón Lugo
|
0-0: Called Strike 0-1: Ball 1-1: Ball 2-1: Foul Ball, location: 2F 2-2: Fly out, F8 (Line Drive, 8LS)
|
Bottom of the 5th over - 0 run(s), 1 hit(s), 0 error(s), 1 left on base; Boston 2 - Los Angeles 1 |
TOP OF THE 6TH |
Boston Rebels batting - Pitching for Los Angeles Bruins : LHP Ramiro Jiménez
|
Batting: LHB Bill Wilson
|
0-0: Called Strike 0-1: Swinging Strike 0-2: SINGLE (Line Drive, 7LM)
|
Batting: LHB Lorenzo Flores
|
0-0: Ball 1-0: Swinging Strike 1-1: Called Strike 1-2: Strikes out looking
|
Batting: RHB Ronnie Brown
|
0-0: Fly out, F8 (Flyball, 8RD)
|
Batting: RHB Wilson Gómez
|
0-0: Called Strike 0-1: Ball 1-1: Foul Ball, location: 2F 1-2: Ball 2-2: Ground out 4-3 (Groundball, 4)
|
Top of the 6th over - 0 run(s), 1 hit(s), 0 error(s), 1 left on base; Boston 2 - Los Angeles 1 |
BOTTOM OF THE 6TH |
Los Angeles Bruins batting - Pitching for Boston Rebels : RHP Martín Ramírez
|
Batting: RHB Tom Doherty
|
0-0: Ball 1-0: SINGLE (Groundball, 56D)
|
Pitching: LHP António Alvarado
|
|
Batting: RHB Rubén Calderón
|
0-0: Grounds into double play, 6-4-3 (Groundball, 6)
|
Batting: LHB Luis Sánchez
|
0-0: Ball 1-0: Ball 2-0: Ball 3-0: Base on Balls
|
Batting: RHB Morgan Gibbon
|
Pickoff Throw to First - Out!
|
Bottom of the 6th over - 0 run(s), 1 hit(s), 0 error(s), 0 left on base; Boston 2 - Los Angeles 1 |
TOP OF THE 7TH |
Boston Rebels batting - Pitching for Los Angeles Bruins : LHP Ramiro Jiménez
|
Pitching: RHP José Valdéz
|
|
Batting: LHB Félix Gómez
|
0-0: Ball 1-0: Ball 2-0: Called Strike 2-1: SINGLE (Groundball, 34D)
|
Batting: RHB Rob Whitley
|
0-0: Ball 1-0: Sac Bunt - play at first, batter OUT! 1-4 Félix Gómez to second
|
Batting: LHB Tony Ramírez
|
0-0: Ball 1-0: Called Strike 1-1: Ball 2-1: Ball 3-1: Ground out 4-3 (Groundball, 4) Félix Gómez to third
|
Batting: LHB Bill Wilson
|
0-0: Ball 1-0: Swinging Strike 1-1: Foul Ball, location: 2F 1-2: Ground out 6-3 (Groundball, 6M)
|
Top of the 7th over - 0 run(s), 1 hit(s), 0 error(s), 1 left on base; Boston 2 - Los Angeles 1 |
BOTTOM OF THE 7TH |
Los Angeles Bruins batting - Pitching for Boston Rebels : LHP António Alvarado
|
Batting: RHB Morgan Gibbon
|
0-0: Ball 1-0: Foul Ball, location: 2F 1-1: Called Strike 1-2: Ball 2-2: SINGLE (Line Drive, 3D)
|
Pinch Hitting: RHB Shih-k'ai Huang
|
0-0: Bunted foul 0-1: Bunt missed! 0-2: Ball 1-2: Ball 2-2: Foul Ball, location: 2F 2-2: Foul Ball, location: 2F 2-2: Foul Ball, location: 2F 2-2: Ball 3-2: Foul Ball, location: 2F 3-2: Base on Balls Morgan Gibbon to second
|
Batting: SHB Miguel González
|
0-0: Ball 1-0: Foul Ball, location: 2F 1-1: Called Strike 1-2: Strikes out swinging
|
Batting: RHB Brendan Vigors
|
0-0: Fielders Choice at 2nd, 4-6 (Groundball, 4) Morgan Gibbon to third
|
Batting: LHB Tony Abete
|
0-0: Fly out, F8 (Flyball, 8LD)
|
Bottom of the 7th over - 0 run(s), 1 hit(s), 0 error(s), 2 left on base; Boston 2 - Los Angeles 1 |
TOP OF THE 8TH |
Boston Rebels batting - Pitching for Los Angeles Bruins : RHP José Valdéz
|
Now in RF: Shih-k'ai Huang
|
|
Batting: SHB Álex Rosado
|
0-0: Called Strike 0-1: Ball 1-1: Ball 2-1: Foul Ball, location: 2F 2-2: Strikes out swinging
|
Batting: LHB Bill Wilson
|
0-0: Called Strike 0-1: Ball 1-1: Ball 2-1: Ground out 6-3 (Groundball, 6)
|
Batting: LHB Lorenzo Flores
|
0-0: Foul Ball, location: 2F 0-1: Ground out 1-3 (Groundball, 3S)
|
Top of the 8th over - 0 run(s), 0 hit(s), 0 error(s), 0 left on base; Boston 2 - Los Angeles 1 |
BOTTOM OF THE 8TH |
Los Angeles Bruins batting - Pitching for Boston Rebels : LHP António Alvarado
|
Pitching: RHP Lorenzo Vargas
|
|
Batting: SHB Ramón Lugo
|
0-0: Called Strike 0-1: Ball 1-1: Called Strike 1-2: Strikes out swinging
|
Pitching: RHP Jorge Delgado
|
|
Batting: RHB Tom Doherty
|
0-0: Ball 1-0: Called Strike 1-1: Ball 2-1: Foul Ball, location: 2F 2-2: Ground out 6-3 (Groundball, 6M)
|
Batting: RHB Rubén Calderón
|
0-0: Ball 1-0: Ball 2-0: Foul Ball, location: 2F 2-1: Ground out 5-3 (Groundball, 56S)
|
Bottom of the 8th over - 0 run(s), 0 hit(s), 0 error(s), 0 left on base; Boston 2 - Los Angeles 1 |
TOP OF THE 9TH |
Boston Rebels batting - Pitching for Los Angeles Bruins : RHP José Valdéz
|
Pitching: RHP Joe Cameron
|
|
Batting: RHB Ronnie Brown
|
0-0: Ball 1-0: Swinging Strike 1-1: Ball 2-1: DOUBLE (Line Drive, 7LM)
|
Pinch Hitting: LHB Stanley Mullins
|
0-0: Called Strike 0-1: Foul Ball, location: 2F 0-2: Ground out 5-3 (Groundball, 5)
|
Batting: LHB Félix Gómez
|
0-0: Intentional Walk
|
Batting: RHB Rob Whitley
|
0-0: Called Strike 0-1: Swinging Strike 0-2: Foul Ball, location: 2F 0-2: Fly out, F9 (Flyball, 9LS)
|
Batting: LHB Tony Ramírez
|
0-0: Ball 1-0: Foul Ball, location: 2F 1-1: Foul Ball, location: 2F 1-2: Ground out 1-3 (Groundball, 13S)
|
Top of the 9th over - 0 run(s), 1 hit(s), 0 error(s), 2 left on base; Boston 2 - Los Angeles 1 |
BOTTOM OF THE 9TH |
Los Angeles Bruins batting - Pitching for Boston Rebels : RHP Jorge Delgado
|
Pitching: RHP António López
|
|
Now at 2B: Javier Villegas
|
|
Batting: LHB Luis Sánchez
|
0-0: Ground out 6-3 (Groundball, 6M)
|
Pinch Hitting: LHB Damon Mitchell
|
0-0: Foul Ball, location: 2F 0-1: Ball 1-1: Swinging Strike 1-2: Ball 2-2: Strikes out swinging
|
Pinch Hitting: SHB Lee Townsend
|
0-0: Foul Ball, location: 2F 0-1: Ground out U3 (Groundball, 3S)
|
Bottom of the 9th over - 0 run(s), 0 hit(s), 0 error(s), 0 left on base; Boston 2 - Los Angeles 1 |
|